 Dungeon Crawl Stone Soup version 0.18-a0-1426-g3b9a63c (webtiles) character file.

1285 Foomius the Reanimator (level 8, -1/64 HPs)
             Began as a Demonspawn Necromancer on Feb 27, 2016.
             Was a Follower of Ashenzari.
             Killed from afar by an electric eel (11 damage)
             ... with a bolt of electricity
             ... on level 6 of the Dungeon.
             The game lasted 00:37:24 (5907 turns).

Foomius the Reanimator (Demonspawn Necromancer)     Turns: 5907, Time: 00:37:24

Health: -1/64      AC:  5    Str: 13    XL:     8   Next: 29%
Magic:  11/12      EV: 16    Int: 18    God:    Ashenzari [*.....]
Gold:   165        SH:  5    Dex: 15    Spells: 5 memorised, 0 levels left

rFire  . . .     SeeInvis .     p - +0 quarterstaff (curse)
rCold  . . .     Gourm    .     f - +0 robe
rNeg   . . .     Faith    .     (shield currently unavailable)
rPois  .         Spirit   .     y - +0 helmet
rElec  .         Dismiss  .     k - +0 cloak
rCorr  .         Reflect  +     d - +0 pair of gloves
SustAt .         Harm     .     (no boots)
MR     .....                    K - +5 amulet of reflection (curse)
Stlth  ++........               (no ring)
                                (no ring)

@: mighty, not resistant to hostile enchantments, unstealthy
A: talons 2, repulsion field 1, powered by pain 1, rot immunity
a: Curse Item, Scrying, Renounce Religion


You were on level 6 of the Dungeon.
You worshipped Ashenzari.
Ashenzari was aware of your devotion.
You were not hungry.

You visited 1 branch of the dungeon, and saw 6 of its levels.
You also visited: Sewer.

You collected 368 gold pieces.
You spent 203 gold pieces at shops.

Inventory:

Hand Weapons
 a - a +0 whip
 b - a +0 hunting sling
 p - a cursed +0 quarterstaff (weapon)
 D - a +0 flail of draining
 F - a +2 flail of protection
Missiles
 l - 176 stones
 O - 10 tomahawks (quivered)
Armour
 d - a +0 pair of gloves (worn)
 f - a +0 robe (worn)
 k - a +0 cloak (worn)
 y - a +0 helmet (worn)
Jewellery
 v - an uncursed ring of fire
 I - an uncursed ring of ice
 K - a cursed +5 amulet of reflection (around neck)
Wands
 w - a wand of acid (0/15)
 J - a wand of iceblast (8/15)
Scrolls
 e - 3 scrolls of amnesia
 i - a scroll of fog {unknown}
 n - 2 scrolls of random uselessness {unknown}
 q - a scroll of immolation {unknown}
 t - 2 scrolls of teleportation {unknown}
 u - 2 scrolls of blinking {unknown}
 x - a scroll of fear
 G - a scroll of enchant armour {unknown}
 H - 3 scrolls of recharging {unknown}
 L - a scroll of acquirement {unknown}
 N - 2 scrolls of identify
 P - a scroll of remove curse
Potions
 g - a potion of degeneration {unknown}
 h - a potion of lignification
 j - 3 potions of brilliance {unknown}
 m - a potion of might
 r - 3 potions of flight
 z - 2 potions of mutation
 A - a potion of berserk rage
 C - 3 potions of curing
 E - 3 potions of heal wounds
Books
 o - a book of Necromancy

   Spells                             Type                      Level
   a - Pain                           Necromancy                   1
   b - Animate Skeleton               Necromancy                   1
   c - Vampiric Draining              Necromancy                   3
   d - Regeneration                   Charms/Necromancy            3
   e - Animate Dead                   Necromancy                   4
   f - Control Undead                 Necromancy                   4
Comestibles
 c - 6 bread rations
 B - a meat ration
 M - a slice of pizza


   Skills:
 - Level 6.0 Fighting
 + Level 4.3 Dodging
 - Level 1.7 Stealth
 + Level 2.6 Spellcasting
 - Level 8.2 Necromancy


You couldn't memorise any spells.
You knew the following spells:

 Your Spells              Type           Power        Failure   Level  Hunger
a - Pain                  Necr           ####         1%          1    #......
b - Animate Skeleton      Necr           N/A          1%          1    #......
c - Control Undead        Necr           ####......   8%          4    #####..
g - Regeneration          Chrm/Necr      ###.......   12%         3    ###....
v - Vampiric Draining     Necr           ####......   1%          3    ###....


Dungeon Overview and Level Annotations

Branches:
Dungeon (6/15)             Temple (0/1) D:5

Altars:
Ashenzari
Cheibriados
Gozag
Kikubaaqudgha
Makhleb
Nemelex Xobeh
Okawaru
Pakellas
Qazlal
Trog
Vehumet
Zin
The Shining One

Shops:
D:4 *   D:6 (


Innate Abilities, Weirdness & Mutations

You have razor-sharp toenails.
You are surrounded by a mild repulsion field (EV +2).
You sometimes gain a little power by taking damage.
You are immune to rotting.


Message History

Press: ? - help, Shift-Dir - straight line, f/p - electric eel
Aim: an electric eel (water, chance to defeat MR: 89%)
The electric eel convulses in agony!
The electric eel shoots out a bolt of lightning at you!
The bolt of electricity hits you!
You focus on the pain.
You feel your power returning.
Casting: Pain
Confirm with . or Enter, or press ? or * to list all spells.
Aiming: Pain
Press: ? - help, Shift-Dir - straight line, f/p - electric eel
Aim: an electric eel (water, moderately wounded, chance to defeat MR: 89%)
The electric eel convulses in agony!
The electric eel shoots out a bolt of lightning at you!
The bolt of electricity hits you!
* * * LOW HITPOINT WARNING * * *
You focus on the pain.
You feel very mighty all of a sudden.
The electric eel shoots out a bolt of lightning at you!
The bolt of electricity hits you!
You die...

#. .....≈≈ #.
.#.≈;≈≈#≈≈≈ ..#####.
..≈#≈≈≈≈#≈≈≈.......
..≈≈;#≈≈≈≈#≈.####..
..≈≈≈≈#≈≈≈≈..##..#
#.≈#≈≈≈≈#≈≈≈.#.#..
##.≈≈≈#≈≈≈≈#≈.####.
#####.@.≈≈≈≈#≈≈≈≈.#.#..
#........≈#≈≈≈≈....#...#
#.####.#.≈≈≈....#.##.#..
#..........##...###.
........#.#.#.####..#..
##.#..###.....# #....#
#.............####.....
...#.#.#...........#.##
#...∩. #....##...###.##


You could see 2 electric eels.

Vanquished Creatures
  Grinder (D:5)
  Edmund (D:5)
  2 centaurs (D:5)
  A big kobold (Sewer)
  Blork the orc (D:5)
  3 crimson imps (D:5)
  2 hounds
  A centaur skeleton (D:4)
  2 orc wizards
  An iguana (D:5)
  Ijyb (D:2)
  A giant frog skeleton (D:5)
  2 worker ants
  A worker ant zombie (D:5)
  A howler monkey skeleton (D:4)
  4 gnolls (D:3)
  2 river rats (Sewer)
  5 adders
  A shadow imp (D:5)
  3 oozes
  An adder skeleton (D:4)
  7 worms
  A dart slug (D:3)
  3 giant geckos
  21 orcs
  6 bats
  2 bat zombies (D:4)
  14 goblins
  9 hobgoblins
  7 jackals
  3 quokkas
  4 ball pythons
  2 giant gecko skeletons
  2 giant newts
  A jackal skeleton (D:4)
  9 kobolds
  10 rats
138 creatures vanquished.

Vanquished Creatures (collateral kills)
  A crimson imp (D:5)
  2 adders
  A worm (D:2)
  An orc (D:4)
  A kobold (D:2)
6 creatures vanquished.

Vanquished Creatures (others)
  A kobold (D:3)
1 creature vanquished.

Grand Total: 145 creatures vanquished

Notes
Turn   | Place    | Note
--------------------------------------------------------------
     0 | D:1      | Foomius the Demonspawn Necromancer began the quest for the Orb.
     0 | D:1      | Reached XP level 1. HP: 13/13 MP: 3/3
   230 | D:1      | Reached skill level 1 in Fighting
   704 | D:2      | Gained mutation: You sometimes gain a little power by taking damage. [demonic ancestry]
   704 | D:2      | Reached XP level 2. HP: 15/21 MP: 1/5
   854 | D:2      | Noticed a moth of wrath
   857 | D:2      | Found a bloodstained altar of Trog.
   902 | D:2      | Gained mutation: You have sharp toenails. [demonic ancestry]
   902 | D:2      | Reached XP level 3. HP: 26/28 MP: 3/6
  1447 | D:2      | Learned a level 3 spell: Vampiric Draining
  1618 | D:2      | Noticed Ijyb
  1636 | D:2      | Killed Ijyb
  1636 | D:2      | Gained mutation: You are immune to rotting. [demonic ancestry]
  1636 | D:2      | Reached XP level 4. HP: 20/35 MP: 3/7
  1679 | D:2      | Learned a level 3 spell: Regeneration
  1681 | D:2      | Learned a level 1 spell: Animate Skeleton
  1979 | D:2      | Found an opulent altar of Gozag.
  2078 | D:2      | Found a shattered altar of Ashenzari.
  2086 | D:2      | Became a worshipper of Ashenzari the Shackled
  2100 | D:2      | Found a stormy altar of Qazlal.
  2380 | D:3      | Found a sparkling altar of Nemelex Xobeh.
  2476 | D:3      | Found a glowing golden altar of the Shining One.
  2497 | D:3      | Reached XP level 5. HP: 28/42 MP: 0/8
  2831 | D:3      | Reached skill level 5 in Necromancy
  3238 | D:3      | Found a burning altar of Makhleb.
  3238 | D:3      | Noticed a blizzard demon
  3449 | D:4      | Found a glowing drain.
  3454 | Sewer    | Entered a sewer
  3591 | Sewer    | Reached XP level 6. HP: 31/50 MP: 2/9
  3670 | Sewer    | Found a white marble altar of Elyvilon.
  3819 | D:4      | Found an iron altar of Okawaru.
  3821 | D:4      | Found a radiant altar of Vehumet.
  3844 | D:4      | Reached skill level 5 in Fighting
  4099 | D:4      | Reached skill level 6 in Necromancy
  4143 | D:4      | Found Kupiem's Assorted Antiques.
  4151 | D:4      | Bought a glowing soapstone amulet for 145 gold pieces
  4151 | D:4      | Bought a scroll of identify for 58 gold pieces
  4512 | D:4      | Found an ancient bone altar of Kikubaaqudgha.
  4560 | D:5      | Entered Level 5 of the Dungeon
  4598 | D:5      | Noticed Edmund
  4605 | D:5      | Noticed Blork the orc
  4620 | D:5      | Killed Edmund
  4620 | D:5      | Gained mutation: You are surrounded by a mild repulsion field (EV +2). [demonic ancestry]
  4620 | D:5      | Reached XP level 7. HP: 21/57 MP: 2/10
  4639 | D:5      | Killed Blork the orc
  4792 | D:5      | Reached skill level 7 in Necromancy
  4833 | D:5      | Found a staircase to the Ecumenical Temple.
  5044 | D:5      | Found a glowing silver altar of Zin.
  5048 | D:5      | Noticed Grinder
  5060 | D:5      | Paralysed by Grinder for 2 turns
  5068 | D:5      | Killed Grinder
  5068 | D:5      | Gained mutation: You have razor-sharp toenails. [demonic ancestry]
  5068 | D:5      | Reached XP level 8. HP: 52/64 MP: 11/11
  5254 | D:5      | Reached skill level 8 in Necromancy
  5316 | D:5      | Reached * piety under Ashenzari
  5633 | D:6      | Found an oddly glowing altar of Pakellas.
  5663 | D:6      | Found a snail-covered altar of Cheibriados.
  5781 | D:6      | Learned a level 4 spell: Control Undead
  5898 | D:6      | Found Qidur's Antique Weapon Shoppe.
  5907 | D:6      | Killed from afar by an electric eel

Vault maps used:
D:1:      mrwooster_arrival_arrow
D:2:      kennysheep_goblin_castle, tgw_trog, nicolae_qazlal_general_emergency,
          evilmike_ruin_ashenzari, grunt_gozag_breadcrumbs
D:3:      lemuel_crystal_altar, makhleb_altar_promises_db, nemelex_altar_shiori,
          first_bread
D:4:      lemuel_zombie_altar_kikubaaqudgha, grunt_temple_overflow_open,
          serial_shops, nicolae_shop_statue_plus, lightli_sewer_entry_pipes
D:5:      temple_hall, basic_altar, uniq_grinder, uniq_edmund,
          uniq_blork_the_orc
D:6:      overflow_temple_1_default, grunt_pakellas_basics, serial_shops,
          shop_fountains, nicolae_shop_crystal, nicolae_lava_and_water,
          kennysheep_doodads
Sewer:    sewer_kobolds

Skill      XL: |  1  2  3  4  5  6  7  8 |
---------------+-------------------------+-----
Fighting       | 1 2 3 4 5 6 |  6.0
Necromancy     | 5 6 7 8 |  8.2
Dodging        | 3 4 |  4.3
Stealth        | |  1.7
Spellcasting   | |  2.6

Action                   |  1- 3 |  4- 6 |  7- 9 || total
-------------------------+-------+-------+-------++-------
Melee: Whip              |    14 |       |       ||    14
       Quarterstaff      |    19 |   166 |   117 ||   302
 Fire: Hunting sling     |    42 |       |       ||    42
Throw: Stone             |    11 |     6 |     2 ||    19
       Tomahawk          |    12 |    45 |    26 ||    83
 Cast: Pain              |    54 |    87 |    15 ||   156
       Animate Skeleton  |       |    33 |     6 ||    39
       Vampiric Draining |       |     5 |     4 ||     9
       Regeneration      |       |     2 |     4 ||     6
Invok: Curse Item        |       |     1 |     1 ||     2
Evoke: Wand              |       |     2 |     1 ||     3
  Use: Potion            |     1 |       |     3 ||     4
       Scroll            |       |     5 |     3 ||     8
 Stab: Sleeping          |       |     3 |     1 ||     4
  Eat: Chunk             |     3 |    11 |     6 ||    20
